[Event "Dutch Open-ch 2019"]
[Site "Dieren"]
[Date "2019.07.23"]
[Round "1.1"]
[White "Suvrajit, Saha"]
[Black "Reinderman, Dimitri"]
[Result "0-1"]
[ECO "A91"]
[WhiteElo "2189"]
[BlackElo "2583"]
[Annotator "ChessBase"]
[PlyCount "104"]
[EventDate "2019.07.23"]
[EventType "swiss"]
[EventCountry "NED"]
[SourceTitle "playchess.com"]
[Source "ChessBase"]
[SourceQuality "1"]
[TimeControl "40/5400+30:1800+30"]

1. d4 f5 2. g3 Nf6 3. Bg2 e6 4. Nh3 Be7 5. O-O O-O 6. c4 d6 7. Nc3 e5 8. dxe5 dxe5 9. Qxd8 Bxd8 10. Nd5 Na6 11. b3 c6 12. Nxf6+ Bxf6 13. Ba3 Rd8 14. Rad1 Be6 15. f4 e4 16. e3 b5 17. cxb5 cxb5 18. Ng5 Bd5 19. Rf2 h6 20. Nh3 Bf7 21. Rfd2 b4 22. Rxd8+ Rxd8 23. Rxd8+ Bxd8 24. Bc1 Nc7 25. Nf2 Nd5 26. Nd1 Bh5 27. Bf1 Nxf4 28. Bc4+ Kh7 29. gxf4 Bxd1 30. a3 bxa3 31. Bxa3 Bb6 32. Kf2 g5 33. Bd6 Kg6 34. Be5 a5 35. Bd5 Bc2 36. Be6 Bd8 37. Bd6 Bb1 38. Bd7 Ba2 39. Be8+ Kf6 40. Be5+ Ke6 41. Ba4 Bb6 42. Bb8 Bb1 43. Be5 Bc2 44. Bb8 Ke7 45. Be5 Bd3 46. Bb8 Ba6 47. Be5 Bc8 48. Ke2 g4 49. Bg7 h5 50. Bh6 Bd7 51. Bg5+ Ke6 52. Bxd7+ Kxd7 0-1

[Event "Dutch Open-ch 2019"]
[Site "Dieren"]
[Date "2019.07.23"]
[Round "1.2"]
[White "David, Alberto"]
[Black "Floor, Dirk"]
[Result "*"]
[ECO "B40"]
[WhiteElo "2553"]
[BlackElo "2184"]
[Annotator "ChessBase"]
[PlyCount "25"]
[EventDate "2019.07.23"]
[EventType "swiss"]
[EventCountry "NED"]
[SourceTitle "playchess.com"]
[Source "ChessBase"]
[SourceQuality "1"]
[TimeControl "40/5400+30:1800+30"]

1. e4 c5 2. Nf3 e6 3. b3 b6 4. Bd3 Bb7 5. O-O Nc6 6. c3 Qc7 7. Re1 Nf6 8. Bf1 Be7 9. e5 Ng4 10. d4 cxd4 11. cxd4 Nb4 12. Na3 Rc8 13. Bg5 *

[Event "Dutch Open-ch 2019"]
[Site "Dieren"]
[Date "2019.07.23"]
[Round "1.2"]
[White "De Jong, Tom"]
[Black "Pruijssers, Roeland"]
[Result "0-1"]
[ECO "B40"]
[WhiteElo "2176"]
[BlackElo "2534"]
[Annotator "ChessBase"]
[PlyCount "75"]
[EventDate "2019.07.23"]
[EventType "swiss"]
[EventCountry "NED"]
[SourceTitle "playchess.com"]
[Source "ChessBase"]
[SourceQuality "1"]
[TimeControl "40/5400+30:1800+30"]

1. e4 c5 2. Nf3 e6 3. b3 b6 4. Bd3 Bb7 5. O-O Nc6 6. c3 Qc7 7. Re1 Nf6 8. Bf1 Be7 9. e5 Ng4 10. d4 cxd4 11. cxd4 Nb4 12. Na3 Rc8 13. Bg5 f6 14. Rc1 Qb8 15. Rxc8+ Qxc8 16. exf6 gxf6 17. Bf4 Nd5 18. Bc1 Qb8 19. Ne5 h5 20. Nxg4 hxg4 21. g3 f5 22. Nc4 Nc3 23. Qd3 Ne4 24. Bf4 d6 25. Ne5 dxe5 26. Bxe5 Qa8 27. Bxh8 Ng5 28. f4 Nf3+ 29. Kf2 Kf7 30. Be5 Qf8 31. Rc1 Qh6 32. h4 gxh3 33. d5 Nxe5 34. dxe6+ Kg6 35. Qb5 Ng4+ 36. Ke1 Nf6 37. Rc7 h2 38. Rxb7 0-1

[Event "Dutch Open-ch 2019"]
[Site "Dieren"]
[Date "2019.07.23"]
[Round "1.3"]
[White "David, Alberto"]
[Black "Floor, Dirk"]
[Result "1-0"]
[ECO "B11"]
[WhiteElo "2553"]
[BlackElo "2184"]
[Annotator "ChessBase"]
[PlyCount "73"]
[EventDate "2019.07.23"]
[EventType "swiss"]
[EventCountry "NED"]
[SourceTitle "playchess.com"]
[Source "ChessBase"]
[SourceQuality "1"]
[TimeControl "40/5400+30:1800+30"]

1. e4 c6 2. Nf3 d5 3. Nc3 Nf6 4. e5 Ne4 5. Be2 Bf5 6. O-O e6 7. d3 Nxc3 8. bxc3 c5 9. Rb1 b6 10. d4 Nd7 11. c4 Be7 12. cxd5 exd5 13. dxc5 Nxc5 14. Nd4 Bd7 15. Bf3 Ne4 16. Bb2 Rc8 17. Qe2 O-O 18. c4 Bb4 19. Rfd1 Ba4 20. cxd5 Bxd1 21. Rxd1 Nc3 22. Bxc3 Bxc3 23. Nc6 Qg5 24. h4 Qxh4 25. Qe3 Bb2 26. Rb1 Rxc6 27. dxc6 Bd4 28. Rb4 Bxe3 29. Rxh4 Bc5 30. Bg4 f5 31. exf6 Re8 32. Kf1 Bd6 33. Bd7 Re5 34. Rd4 Bc7 35. f4 Rc5 36. Be6+ Kf8 37. Rd7 1-0

[Event "Dutch Open-ch 2019"]
[Site "Dieren"]
[Date "2019.07.23"]
[Round "1.3"]
[White "De Jong, Tom"]
[Black "Pruijssers, Roeland"]
[Result "*"]
[ECO "B11"]
[WhiteElo "2176"]
[BlackElo "2534"]
[Annotator "ChessBase"]
[PlyCount "26"]
[EventDate "2019.07.23"]
[EventType "swiss"]
[EventCountry "NED"]
[SourceTitle "playchess.com"]
[Source "ChessBase"]
[SourceQuality "1"]
[TimeControl "40/5400+30:1800+30"]

1. e4 c6 2. Nf3 d5 3. Nc3 Nf6 4. e5 Ne4 5. Be2 Bf5 6. O-O e6 7. d3 Nxc3 8. bxc3 c5 9. Rb1 b6 10. d4 Nd7 11. c4 Be7 12. cxd5 exd5 13. dxc5 Nxc5 *

[Event "Dutch Open-ch 2019"]
[Site "Dieren"]
[Date "2019.07.23"]
[Round "1.4"]
[White "Van Foreest, Lucas"]
[Black "Evengroen, Henk-Jan"]
[Result "1-0"]
[ECO "C55"]
[WhiteElo "2521"]
[BlackElo "2176"]
[Annotator "ChessBase"]
[PlyCount "49"]
[EventDate "2019.07.23"]
[EventType "swiss"]
[EventCountry "NED"]
[SourceTitle "playchess.com"]
[Source "ChessBase"]
[SourceQuality "1"]
[TimeControl "40/5400+30:1800+30"]

1. e4 e5 2. Nf3 Nc6 3. Bc4 Nf6 4. d3 Be7 5. O-O O-O 6. Re1 d6 7. a4 Bg4 8. h3 Bh5 9. Nbd2 d5 10. exd5 Nxd5 11. g4 Bg6 12. Nxe5 Nxe5 13. Rxe5 Nf4 14. Nf3 Nxh3+ 15. Kg2 Bd6 16. Kxh3 Bxe5 17. Nxe5 Be4 18. Bf4 Bd5 19. Bxd5 Qxd5 20. Qf3 Qe6 21. Kg2 g5 22. Bg3 f5 23. gxf5 Rxf5 24. Qxb7 Re8 25. Re1 1-0

[Event "Dutch Open-ch 2019"]
[Site "Dieren"]
[Date "2019.07.23"]
[Round "1.5"]
[White "Verhoef, Pieter"]
[Black "Ikonnikov, Vyacheslav"]
[Result "0-1"]
[ECO "B31"]
[WhiteElo "2161"]
[BlackElo "2499"]
[Annotator "ChessBase"]
[PlyCount "174"]
[EventDate "2019.07.23"]
[EventType "swiss"]
[EventCountry "NED"]
[SourceTitle "playchess.com"]
[Source "ChessBase"]
[SourceQuality "1"]
[TimeControl "40/5400+30:1800+30"]

1. e4 c5 2. Nf3 Nc6 3. Bb5 g6 4. Bxc6 dxc6 5. d3 Bg7 6. h3 b6 7. Nc3 Nh6 8. Be3 f6 9. Qd2 Nf7 10. O-O O-O 11. a3 a5 12. Rab1 a4 13. d4 cxd4 14. Qxd4 Qxd4 15. Bxd4 Ra6 16. Rfd1 e5 17. Be3 Be6 18. Rd2 Rb8 19. Rbd1 Bf8 20. Ne1 g5 21. Nd3 c5 22. Nc1 b5 23. Nd5 Bc8 24. c3 Kg7 25. Ne2 Rc6 26. f3 Nd6 27. Bf2 Nc4 28. Rc2 Be6 29. Ng3 Kf7 30. Nf1 h5 31. Nfe3 Na5 32. g4 h4 33. Nf5 b4 34. cxb4 cxb4 35. Rxc6 Nxc6 36. Rc1 bxa3 37. bxa3 Bd7 38. Nb6 Be8 39. Nxa4 Bxa3 40. Rd1 Rb3 41. Kg2 Ne7 42. Nc5 Bxc5 43. Bxc5 Rb2+ 44. Kg1 Nxf5 45. gxf5 Bb5 46. Ra1 Be2 47. Ra3 Rb1+ 48. Kf2 Bf1 49. Ra7+ Ke8 50. Be7 Bxh3 51. Bxf6 Rb2+ 52. Kg1 g4 53. Bxh4 g3 54. Bxg3 Rg2+ 55. Kh1 Rxg3 56. Ra5 Kf7 57. Rxe5 Rxf3 58. Re6 Bf1 59. Rb6 Re3 60. Kg1 Bc4 61. Kf2 Rxe4 62. Kf3 Rh4 63. Kg3 Rd4 64. Kf3 Bd3 65. Ke3 Rd5 66. f6 Bf5 67. Rb8 Kxf6 68. Kf4 Rd4+ 69. Ke3 Re4+ 70. Kf3 Ra4 71. Ke3 Be6 72. Rb5 Bc4 73. Rb2 Ke5 74. Kf2 Kf4 75. Ke1 Bd5 76. Kf2 Bf3 77. Ke1 Rd4 78. Kf2 Re4 79. Ra2 Rb4 80. Ke1 Rd4 81. Kf2 Bd5 82. Rb2 Rd3 83. Kg1 Kg3 84. Rg2+ Kf3 85. Kh2 Kf4 86. Rg7 Rd2+ 87. Kh3 Be6+ 0-1

[Event "Dutch Open-ch 2019"]
[Site "Dieren"]
[Date "2019.07.23"]
[Round "1.6"]
[White "Beerdsen, Thomas"]
[Black "t Jong, Ewoud"]
[Result "1-0"]
[ECO "C10"]
[WhiteElo "2497"]
[BlackElo "2159"]
[Annotator "ChessBase"]
[PlyCount "59"]
[EventDate "2019.07.23"]
[EventType "swiss"]
[EventCountry "NED"]
[SourceTitle "playchess.com"]
[Source "ChessBase"]
[SourceQuality "1"]
[TimeControl "40/5400+30:1800+30"]

1. e4 e6 2. d4 d5 3. Nd2 dxe4 4. Nxe4 Nd7 5. Nf3 Ngf6 6. Nxf6+ Nxf6 7. g3 Bd6 8. Bg2 O-O 9. O-O c6 10. c4 Qc7 11. b3 b6 12. Qc2 Bb7 13. Bb2 Rad8 14. Rad1 Be7 15. Rfe1 Rfe8 16. Qe2 Nd7 17. Nd2 Nf6 18. a3 a5 19. Nf1 Bd6 20. Ne3 e5 21. dxe5 Bxe5 22. Nd5 cxd5 23. Bxe5 Qc5 24. Qb2 Ng4 25. Bd4 Rxe1+ 26. Rxe1 Qc7 27. h3 Nf6 28. Bxf6 gxf6 29. Qxf6 Qd7 30. Re5 1-0

[Event "Dutch Open-ch 2019"]
[Site "Dieren"]
[Date "2019.07.23"]
[Round "1.7"]
[White "Mulder, Bart-Piet"]
[Black "Schoppen, Casper"]
[Result "0-1"]
[ECO "A46"]
[WhiteElo "2154"]
[BlackElo "2493"]
[Annotator "ChessBase"]
[PlyCount "62"]
[EventDate "2019.07.23"]
[EventType "swiss"]
[EventCountry "NED"]
[SourceTitle "playchess.com"]
[Source "ChessBase"]
[SourceQuality "1"]
[TimeControl "40/5400+30:1800+30"]

1. d4 Nf6 2. Nf3 e6 3. g3 b5 4. Bg2 Bb7 5. c3 Be7 6. O-O O-O 7. Bg5 d5 8. Nbd2 Nbd7 9. Qb1 c5 10. Bxf6 Nxf6 11. Ne5 Qc7 12. Rc1 Bd6 13. Ndf3 Ne4 14. b4 c4 15. a4 f6 16. Ng4 a5 17. bxa5 Qxa5 18. axb5 Qxa1 19. Qxa1 Rxa1 20. Rxa1 Nxc3 21. b6 Nxe2+ 22. Kf1 Nc3 23. Ne3 Rb8 24. Nd2 Nb5 25. Nc2 Bc8 26. f4 g6 27. Ra5 Rxb6 28. Ra8 Rb8 29. Rxb8 Bxb8 30. Ke2 Bd7 31. Ke3 Nc3 0-1

[Event "Dutch Open-ch 2019"]
[Site "Dieren"]
[Date "2019.07.23"]
[Round "1.8"]
[White "Vrolijk, Liam"]
[Black "Kazarian, Anna-Maja"]
[Result "1-0"]
[ECO "A45"]
[WhiteElo "2478"]
[BlackElo "2142"]
[Annotator "ChessBase"]
[PlyCount "55"]
[EventDate "2019.07.23"]
[EventType "swiss"]
[EventCountry "NED"]
[SourceTitle "playchess.com"]
[Source "ChessBase"]
[SourceQuality "1"]
[TimeControl "40/5400+30:1800+30"]

1. d4 Nf6 2. Bg5 e6 3. e4 Be7 4. Bd3 d5 5. e5 Nfd7 6. Bxe7 Qxe7 7. c3 c5 8. Ne2 Nc6 9. O-O f6 10. f4 cxd4 11. cxd4 Qb4 12. Nbc3 Nxd4 13. Nxd4 Qxd4+ 14. Kh1 Ke7 15. Nb5 Qb6 16. Qg4 g6 17. Qh4 a6 18. Nd6 Qd4 19. Rad1 Nxe5 20. Be4 Qxb2 21. fxe5 Qxe5 22. Nxc8+ Raxc8 23. Bxd5 Rcd8 24. Rde1 Qb2 25. Rxe6+ Kd7 26. Rexf6 Kc8 27. Qf4 Rde8 28. Rc1+ 1-0

[Event "Dutch Open-ch 2019"]
[Site "Dieren"]
[Date "2019.07.23"]
[Round "1.9"]
[White "Bus, Tom"]
[Black "Hausrath, Daniel"]
[Result "0-1"]
[ECO "C41"]
[WhiteElo "2138"]
[BlackElo "2468"]
[Annotator "ChessBase"]
[PlyCount "98"]
[EventDate "2019.07.23"]
[EventType "swiss"]
[EventCountry "NED"]
[SourceTitle "playchess.com"]
[Source "ChessBase"]
[SourceQuality "1"]
[TimeControl "40/5400+30:1800+30"]

1. e4 d6 2. d4 Nf6 3. Nc3 e5 4. Nf3 Nbd7 5. Bc4 Be7 6. O-O O-O 7. Qe2 c6 8. a4 a6 9. dxe5 Nxe5 10. Nxe5 dxe5 11. Rd1 Qc7 12. h3 b6 13. Be3 Bb7 14. a5 b5 15. Bb6 Qc8 16. Bb3 Nd7 17. Be3 Nc5 18. Bxc5 Bxc5 19. Na2 Qc7 20. Nc1 Rad8 21. Nd3 Bd6 22. Qe3 c5 23. c4 Be7 24. cxb5 axb5 25. a6 Ba8 26. Bd5 c4 27. Ne1 Bc5 28. Qg3 Bxd5 29. exd5 f6 30. Nc2 Rd6 31. b3 Ra8 32. b4 Bb6 33. Qf3 Qd7 34. g4 Bd8 35. Ne3 g6 36. Qe4 Rdxa6 37. Rxa6 Rxa6 38. Kg2 Qd6 39. h4 Bb6 40. h5 Kg7 41. hxg6 hxg6 42. Nf5+ gxf5 43. gxf5 Ra2 44. Qg4+ Kf8 45. Qg6 Qe7 46. d6 Qb7+ 47. Kg3 Bxf2+ 48. Kg4 Qg2+ 49. Kh5 Qh3# 0-1

[Event "Dutch Open-ch 2019"]
[Site "Dieren"]
[Date "2019.07.23"]
[Round "1.10"]
[White "Lai, Hing Ting"]
[Black "Vogel, Jaap"]
[Result "1-0"]
[ECO "A93"]
[WhiteElo "2460"]
[BlackElo "2126"]
[Annotator "ChessBase"]
[PlyCount "53"]
[EventDate "2019.07.23"]
[EventType "swiss"]
[EventCountry "NED"]
[SourceTitle "playchess.com"]
[Source "ChessBase"]
[SourceQuality "1"]
[TimeControl "40/5400+30:1800+30"]

1. d4 e6 2. Nf3 f5 3. g3 Nf6 4. Bg2 d5 5. O-O Be7 6. c4 O-O 7. Qc2 c6 8. b3 Ne4 9. Bb2 Bd7 10. Ne5 Be8 11. Nd3 g5 12. Nd2 Nd7 13. f3 Nef6 14. e4 fxe4 15. fxe4 Bg6 16. Nf2 c5 17. Qd1 cxd4 18. exd5 exd5 19. Nf3 dxc4 20. Qxd4 Bc5 21. Qxc4+ Bf7 22. Qd3 h6 23. Qf5 Qb6 24. Nxg5 Rae8 25. Kh1 Re2 26. Bxf6 Nxf6 27. Ng4 1-0

[Event "Dutch Open-ch 2019"]
[Site "Dieren"]
[Date "2019.07.23"]
[Round "1.11"]
[White "Munshi, Aditya"]
[Black "Buckels, Valentin"]
[Result "1/2-1/2"]
[ECO "C24"]
[WhiteElo "2125"]
[BlackElo "2451"]
[Annotator "ChessBase"]
[PlyCount "51"]
[EventDate "2019.07.23"]
[EventType "swiss"]
[EventCountry "NED"]
[SourceTitle "playchess.com"]
[Source "ChessBase"]
[SourceQuality "1"]
[TimeControl "40/5400+30:1800+30"]

1. e4 e5 2. Bc4 Nf6 3. d3 c6 4. Nf3 d5 5. Bb3 Bd6 6. exd5 cxd5 7. Bg5 e4 8. dxe4 dxe4 9. Nfd2 Be5 10. Nc3 Bxc3 11. bxc3 O-O 12. O-O Bf5 13. Nc4 Na6 14. Qd6 Be6 15. Rad1 Bg4 16. Rd4 Be2 17. Qg3 Qe7 18. Nd6 Bxf1 19. Kxf1 Rae8 20. Nf5 Qe5 21. Nh6+ Kh8 22. Qxe5 Rxe5 23. Bxf6 gxf6 24. Nxf7+ Rxf7 25. Bxf7 Re7 26. Bc4 1/2-1/2

[Event "Dutch Open-ch 2019"]
[Site "Dieren"]
[Date "2019.07.23"]
[Round "1.12"]
[White "Das, Arghyadip"]
[Black "Binnendijk, Ferdinand"]
[Result "1-0"]
[ECO "B07"]
[WhiteElo "2439"]
[BlackElo "2122"]
[Annotator "NA"]
[PlyCount "53"]
[EventDate "2019.07.23"]
[EventType "swiss"]
[EventCountry "NED"]
[SourceTitle "playchess.com"]
[Source "ChessBase"]
[SourceQuality "1"]
[TimeControl "40/5400+30:1800+30"]

1. e4 d6 2. d4 Nf6 3. Nc3 Nbd7 4. g3 e5 5. Nge2 Be7 6. Bg2 O-O 7. O-O c6 8. a4 a5 9. h3 Re8 10. Be3 Bf8 11. g4 exd4 12. Bxd4 Nc5 13. Ng3 Ra6 14. Qd2 d5 15. Bxf6 Qxf6 16. exd5 Rb6 17. b3 Qh4 18. dxc6 bxc6 19. Rad1 Be6 20. Nce2 Nb7 21. Nd4 Bd5 22. Ndf5 Qf6 23. Bxd5 cxd5 24. Qxd5 g6 25. Ne3 Re5 26. Qg2 Rb4 27. Nd5 1-0

[Event "Dutch Open-ch 2019"]
[Site "Dieren"]
[Date "2019.07.23"]
[Round "1.13"]
[White "De Boer, Bas"]
[Black "Lahaye, Rick"]
[Result "0-1"]
[ECO "A30"]
[WhiteElo "2117"]
[BlackElo "2421"]
[Annotator "NA"]
[PlyCount "66"]
[EventDate "2019.07.23"]
[EventType "swiss"]
[EventCountry "NED"]
[SourceTitle "playchess.com"]
[Source "ChessBase"]
[SourceQuality "1"]
[TimeControl "40/5400+30:1800+30"]

1. Nf3 Nf6 2. c4 e6 3. Nc3 b6 4. g3 Bb7 5. Bg2 c5 6. d4 cxd4 7. Qxd4 d6 8. O-O Be7 9. b3 Nc6 10. Qf4 a6 11. Bb2 Qb8 12. Rad1 O-O 13. e4 b5 14. cxb5 axb5 15. Rfe1 Nd7 16. Qc1 Nde5 17. Nxe5 dxe5 18. a4 bxa4 19. Nxa4 Ra5 20. Bf1 Ba8 21. Bc4 Ra7 22. Qa1 Rc8 23. f4 Bc5+ 24. Kg2 Bd4 25. Rd2 Bxb2 26. Qxb2 exf4 27. Nc5 f3+ 28. Kf1 Ne5 29. Nxe6 Re7 30. Nd4 g6 31. Ba6 Rce8 32. Bb5 Rd8 33. Ba4 Qc8 0-1

[Event "Dutch Open-ch 2019"]
[Site "Dieren"]
[Date "2019.07.23"]
[Round "1.14"]
[White "Bosboom, Manuel"]
[Black "Taal, Rieks"]
[Result "1-0"]
[ECO "D24"]
[WhiteElo "2418"]
[BlackElo "2115"]
[Annotator "NA"]
[PlyCount "53"]
[EventDate "2019.07.23"]
[EventType "swiss"]
[EventCountry "NED"]
[SourceTitle "playchess.com"]
[Source "ChessBase"]
[SourceQuality "1"]
[TimeControl "40/5400+30:1800+30"]

1. d4 Nf6 2. Nf3 d5 3. c4 e6 4. Nc3 dxc4 5. e4 Bb4 6. Bxc4 Nxe4 7. O-O Nf6 8. Bg5 Be7 9. Qe2 O-O 10. Rad1 c6 11. Rfe1 Nbd7 12. h4 h6 13. Bc1 Nd5 14. Bd3 Re8 15. Bb1 Nf8 16. Ne5 Nxc3 17. bxc3 Bxh4 18. Qh5 Qe7 19. Re4 Bf6 20. Rg4 Bxe5 21. dxe5 Rd8 22. Rxd8 Qxd8 23. Bxh6 Qd1+ 24. Kh2 Qxb1 25. Rxg7+ Kh8 26. Qxf7 Qf5 27. Rg8# 1-0

[Event "Dutch Open-ch 2019"]
[Site "Dieren"]
[Date "2019.07.23"]
[Round "1.15"]
[White "Zwirs, Jasper"]
[Black "Maatman, Nick"]
[Result "0-1"]
[ECO "C16"]
[WhiteElo "2110"]
[BlackElo "2407"]
[Annotator "NA"]
[PlyCount "54"]
[EventDate "2019.07.23"]
[EventType "swiss"]
[EventCountry "NED"]
[SourceTitle "playchess.com"]
[Source "ChessBase"]
[SourceQuality "1"]
[TimeControl "40/5400+30:1800+30"]

1. e4 e6 2. d4 d5 3. Nc3 Bb4 4. e5 Ne7 5. a3 Bxc3+ 6. bxc3 b6 7. Nf3 Ba6 8. Bxa6 Nxa6 9. O-O Rc8 10. Ng5 h6 11. Qh5 O-O 12. Nh3 Qe8 13. Qe2 Qa4 14. Be3 c5 15. Rac1 cxd4 16. cxd4 Rc3 17. Qg4 Nf5 18. Nf4 Rxe3 19. Nxe6 Re4 20. Qxf5 fxe6 21. Qxe6+ Kh8 22. Qe7 Rc8 23. c3 Nc7 24. f4 Qe8 25. Qb4 Ne6 26. f5 Nf4 27. Rce1 Nd3 0-1

[Event "Dutch Open-ch 2019"]
[Site "Dieren"]
[Date "2019.07.23"]
[Round "1.16"]
[White "Neelotpal, Das"]
[Black "Van Baar, Esper"]
[Result "1-0"]
[ECO "B42"]
[WhiteElo "2406"]
[BlackElo "2108"]
[Annotator "NA"]
[PlyCount "75"]
[EventDate "2019.07.23"]
[EventType "swiss"]
[EventCountry "NED"]
[SourceTitle "playchess.com"]
[Source "ChessBase"]
[SourceQuality "1"]
[TimeControl "40/5400+30:1800+30"]

1. e4 c5 2. Nf3 d6 3. d4 cxd4 4. Nxd4 Nf6 5. Nc3 a6 6. Bd3 e6 7. O-O Nbd7 8. Kh1 b5 9. a4 b4 10. Na2 Bb7 11. Qe2 Qc7 12. Bg5 Be7 13. c3 bxc3 14. Nxc3 h6 15. Bh4 O-O 16. f3 Ne5 17. Rac1 Qa5 18. Bb1 Qb4 19. Rfd1 Rac8 20. Ba2 Rfd8 21. Be1 Qb6 22. a5 Qa7 23. Bf2 Qb8 24. f4 Nc6 25. Nxc6 Bxc6 26. Bb6 Re8 27. Bc4 Nxe4 28. Bxa6 Nxc3 29. Rxc3 Bb7 30. Rdc1 d5 31. Bxb7 Qxb7 32. Qb5 d4 33. a6 Qb8 34. Rxc8 Rxc8 35. Rxc8+ Qxc8 36. Bxd4 Bf6 37. Bg1 Qc1 38. Qb6 1-0

[Event "Dutch Open-ch 2019"]
[Site "Dieren"]
[Date "2019.07.23"]
[Round "1.17"]
[White "Van Helvoort, Rob"]
[Black "Van der Hagen, Loek"]
[Result "1-0"]
[ECO "B22"]
[WhiteElo "2104"]
[BlackElo "1988"]
[Annotator "NA"]
[PlyCount "59"]
[EventDate "2019.07.23"]
[EventType "swiss"]
[EventCountry "NED"]
[SourceTitle "playchess.com"]
[Source "ChessBase"]
[SourceQuality "1"]
[TimeControl "40/5400+30:1800+30"]

1. e4 c5 2. c3 Nf6 3. e5 Nd5 4. d4 cxd4 5. cxd4 Nc6 6. Nf3 e6 7. Bc4 d6 8. exd6 Bxd6 9. O-O O-O 10. Re1 b6 11. Nc3 Nxc3 12. bxc3 Qc7 13. Bd3 Bb7 14. Qc2 h6 15. Qe2 Ne7 16. c4 Bxf3 17. Qxf3 Bxh2+ 18. Kh1 Bd6 19. Bb2 Rae8 20. Rac1 Bb4 21. Re2 Ng6 22. g3 e5 23. a3 Bd6 24. c5 Be7 25. cxb6 Qxb6 26. dxe5 Bg5 27. Rc6 Qa5 28. Qe4 Rc8 29. Rxc8 Rxc8 30. e6 1-0

[Event "Dutch Open-ch 2019"]
[Site "Dieren"]
[Date "2019.07.23"]
[Round "1.18"]
[White "Maris, Ivo"]
[Black "Nicolai, Amir"]
[Result "1-0"]
[ECO "A21"]
[WhiteElo "2399"]
[BlackElo "2101"]
[Annotator "NA"]
[PlyCount "81"]
[EventDate "2019.07.23"]
[EventType "swiss"]
[EventCountry "NED"]
[SourceTitle "playchess.com"]
[Source "ChessBase"]
[SourceQuality "1"]
[TimeControl "40/5400+30:1800+30"]

1. c4 e5 2. Nc3 Nf6 3. e3 Bb4 4. Qc2 O-O 5. Nf3 Re8 6. Be2 c6 7. a3 Bxc3 8. Qxc3 Ne4 9. Qc2 d5 10. O-O Bg4 11. cxd5 cxd5 12. d4 Nc6 13. dxe5 Rc8 14. Qd1 Nxe5 15. Nd4 Bxe2 16. Qxe2 Nc6 17. Nxc6 Rxc6 18. Qd1 Qh4 19. f3 Rh6 20. h3 Ng5 21. Qe1 Nxh3+ 22. Kh2 Nf2+ 23. Kg1 d4 24. e4 Rh5 25. Qd2 d3 26. Qf4 Nh3+ 27. gxh3 Qxh3 28. Kf2 Qd7 29. Be3 Qb5 30. b4 a5 31. Rab1 Qa4 32. Bd2 g5 33. Rg1 h6 34. bxa5 Qd4+ 35. Qe3 Qd7 36. Rh1 Rxh1 37. Rxh1 Re6 38. Bc3 Rd6 39. Qxg5+ Rg6 40. Rxh6 Rxg5 41. Rh8# 1-0

[Event "Dutch Open-ch 2019"]
[Site "Dieren"]
[Date "2019.07.23"]
[Round "1.19"]
[White "Dwarshuis, Arjan"]
[Black "Zwirs, Nico"]
[Result "0-1"]
[ECO "A58"]
[WhiteElo "2091"]
[BlackElo "2380"]
[Annotator "NA"]
[PlyCount "88"]
[EventDate "2019.07.23"]
[EventType "swiss"]
[EventCountry "NED"]
[SourceTitle "playchess.com"]
[Source "ChessBase"]
[SourceQuality "1"]
[TimeControl "40/5400+30:1800+30"]

1. d4 Nf6 2. c4 c5 3. d5 b5 4. cxb5 a6 5. bxa6 e6 6. Nc3 exd5 7. Nxd5 Nxd5 8. Qxd5 Nc6 9. e4 Be7 10. Nf3 O-O 11. Be2 Bxa6 12. Bxa6 Qa5+ 13. Qd2 Qxa6 14. Qe2 Rfb8 15. Qxa6 Rxa6 16. O-O Bf6 17. g3 Nd4 18. Nxd4 Bxd4 19. Kg2 Re6 20. f3 f5 21. a4 fxe4 22. fxe4 Rxe4 23. a5 Ra8 24. Ra2 Re2+ 25. Kf3 Rxh2 26. Ke4 Re2+ 27. Kd5 Re5+ 28. Kd6 Re6+ 29. Kd5 Re5+ 30. Kd6 Ra7 31. Bf4 Re6+ 32. Kd5 Rea6 33. Bd6 Bf6 34. Rfa1 c4 35. Bc5 Rc7 36. Bb6 Rc6 37. Bc5 Kf7 38. Rc1 Bd8 39. Rxc4 Rxa5 40. Rxa5 Bxa5 41. b4 Bc7 42. g4 Rg6 43. Re4 Rg5+ 44. Kc4 d5+ 0-1

[Event "Dutch Open-ch 2019"]
[Site "Dieren"]
[Date "2019.07.23"]
[Round "1.20"]
[White "Ashwath, R.."]
[Black "Grutter, Tim"]
[Result "1-0"]
[ECO "E63"]
[WhiteElo "2365"]
[BlackElo "2091"]
[Annotator "NA"]
[PlyCount "81"]
[EventDate "2019.07.23"]
[EventType "swiss"]
[EventCountry "NED"]
[SourceTitle "playchess.com"]
[Source "ChessBase"]
[SourceQuality "1"]
[TimeControl "40/5400+30:1800+30"]

1. d4 Nf6 2. c4 g6 3. g3 Bg7 4. Bg2 O-O 5. Nc3 d6 6. Nf3 Nc6 7. O-O a6 8. h3 Rb8 9. Be3 b5 10. Nd2 Bd7 11. Rc1 e5 12. dxe5 Nxe5 13. b3 bxc4 14. f4 Nc6 15. Nxc4 Ne7 16. Bf2 Bc6 17. e4 Nd7 18. Na5 Bb5 19. Nxb5 Rxb5 20. Nc6 Nxc6 21. Rxc6 Nb8 22. Rc4 a5 23. Qd3 Rb4 24. Rfc1 Rxc4 25. Qxc4 c6 26. Kh2 h5 27. Rd1 Qc7 28. Bd4 Bxd4 29. Qxd4 Rd8 30. f5 Qe7 31. e5 d5 32. Re1 c5 33. Qf4 d4 34. f6 Qf8 35. e6 fxe6 36. Rxe6 Rd7 37. Qg5 Kh7 38. Be4 Qf7 39. Qxh5+ Kg8 40. Qe5 Kf8 41. Qxb8+ 1-0

[Event "Dutch Open-ch 2019"]
[Site "Dieren"]
[Date "2019.07.24"]
[Round "2.2"]
[White "Maatman, Nick"]
[Black "David, Alberto"]
[Result "0-1"]
[ECO "B27"]
[WhiteElo "2407"]
[BlackElo "2553"]
[Annotator "ChessBase"]
[PlyCount "114"]
[EventDate "2019.07.23"]
[EventType "swiss"]
[EventCountry "NED"]
[SourceTitle "playchess.com"]
[Source "ChessBase"]
[SourceQuality "1"]
[TimeControl "40/5400+30:1800+30"]

1. Nf3 b6 2. e4 Bb7 3. Nc3 c5 4. d4 cxd4 5. Nxd4 a6 6. Bg5 Qc7 7. Qe2 h6 8. Bh4 Nf6 9. e5 Ne4 10. Nxe4 Qxe5 11. f3 Qxd4 12. Rd1 Qe5 13. Bg3 Qe6 14. Rd3 Bxe4 15. Qxe4 Qxe4+ 16. fxe4 e6 17. Be2 Nc6 18. Rf1 Be7 19. c3 b5 20. b4 Rc8 21. a4 Bf6 22. axb5 axb5 23. Rdf3 Ne5 24. Bxe5 Bxe5 25. Kd2 Ra8 26. Bxb5 Ra2+ 27. Kd3 O-O 28. R1f2 Ra3 29. Kc2 Bxc3 30. Bxd7 Bxb4 31. Rxa3 Bxa3 32. Kd1 Bd6 33. Rc2 Bxh2 34. Rc8 Rxc8 35. Bxc8 h5 36. Ke2 g5 37. Ba6 Kg7 38. Bb5 g4 39. Kf1 Bg3 40. Ba4 Kf6 41. Be8 Ke7 42. Ba4 Be5 43. Kg1 Bd4+ 44. Kf1 Kf6 45. Be8 h4 46. Ke2 Bb6 47. Kf1 Ba5 48. Ke2 Kg5 49. Bxf7 e5 50. g3 h3 51. Kf1 Be1 52. Kg1 Bxg3 53. Be6 Kf4 54. Bd7 Kf3 55. Kh1 Bf4 56. Bc8 Kg3 57. Bd7 Kh4 0-1